 Dungeon Crawl Stone Soup version 0.26-a0-863-g3bff4b215c (webtiles) character file.

Game seed: 14679335770152120686

6260 robertstho the Grappler (level 10, -1/147 HPs)
             Began as a Troll Berserker on Nov 24, 2020.
             Was a High Priest of Trog.
             Slain by Grum
             ... wielding a +1 halberd of protection
              (21 damage)
             ... on level 8 of the Dungeon on Nov 25, 2020.
             The game lasted 00:21:17 (6251 turns).

robertstho the Grappler (Troll Berserker)           Turns: 6251, Time: 00:21:20

Health: -1/147     AC: 13    Str: 30    XL:     10   Next: 62%
Magic:  0/8        EV:  8    Int:  5    God:    Trog [*****.]
Gold:   31         SH: 17    Dex: 15    Spells: 9/9 levels left

rFire    . . .     SeeInvis .   B - +4 broad axe (flame)
rCold    . . .     Faith    .   a - +2 tower shield {rN+}
rNeg     + . .     Spirit   +   d - +0 swamp dragon scales
rPois    +         Reflect  .   (helmet restricted)
rElec    .         Harm     .   n - +0 cloak
rCorr    +         Rampage  .   (gloves unavailable)
MR       .....                  (boots unavailable)
Stlth    ..........             g - amulet of guardian spirit
HPRegen  0.74/turn              A - +6 ring of dexterity
MPRegen  0.11/turn              h - ring of resist corrosion

@: berserking, very quick
A: large, unfitting armour, claws 3, fangs 1, low mp 1, regeneration 1, shaggy
fur 1, strong 1, tough skin 3, sturdy frame 1
a: Berserk, Trog's Hand, Brothers in Arms, Renounce Religion


You were on level 8 of the Dungeon.
You worshipped Trog.
Trog was extremely pleased with you.
You visited 1 branch of the dungeon, and saw 8 of its levels.

You collected 397 gold pieces.
You spent 366 gold pieces at shops.

Inventory:

Hand Weapons
 B - a +4 broad axe of flaming (weapon)
Armour
 a - a +2 tower shield of positive energy (worn)
 d - +0 swamp dragon scales (worn)
 n - a +0 cloak (worn)
Jewellery
 g - an amulet of guardian spirit (around neck)
 h - a ring of resist corrosion (right claw)
 v - an uncursed amulet of the acrobat
 z - an uncursed ring of protection from cold
 A - a +6 ring of dexterity (left claw)
Wands
 y - a wand of polymorph (2)
Scrolls
 b - 3 scrolls of magic mapping
 e - 11 scrolls of remove curse
 j - 2 scrolls of fog
 k - a scroll of fear
 l - a scroll of enchant weapon {unknown}
 p - 9 scrolls of teleportation
 q - 2 scrolls of enchant armour
 r - a scroll of immolation {unknown}
 s - a scroll of blinking
 w - a scroll of amnesia {unknown}
Potions
 c - a potion of ambrosia
 f - 3 potions of magic
 i - 2 potions of flight
 m - 5 potions of curing
 o - a potion of heal wounds
 u - a potion of resistance
 x - 2 potions of haste


   Skills:
 * Level 5.8 Fighting
 + Level 0.4 Axes
 + Level 4.1 Armour
 + Level 5.1 Dodging
 + Level 1.1 Stealth
 + Level 2.6 Shields
 * Level 12.2 Unarmed Combat


You had 9 spell levels left.
You didn't know any spells.
Your spell library was empty.

Dungeon Overview and Level Annotations

Branches:
Dungeon (8/15)             Temple (0/1) D:7
   Lair: D:8-11

Altars:
Elyvilon
Gozag
Makhleb
Nemelex Xobeh
Vehumet

Shops:
D:5 ?

Annotations:
D:6 Need relec
D:8 Grum


Innate Abilities, Weirdness & Mutations

You are too large for most types of armour.
You have claws for hands.
Your natural rate of healing is unusually fast.
You are covered in fur. (AC +1)
You have extremely tough skin. (AC +3)
You have very sharp teeth.
Your magical capacity is low. (-10% MP)
Your muscles are strong. (Str +2)
Your movements are slightly less encumbered by armour. (ER -2)


Message History

* * * LOW HITPOINT WARNING * * *
Grum hits you from afar with a +1 halberd of protection!
* * * LOW HITPOINT WARNING * * *
You slash the wolf! You burn the wolf.
The wolf is almost dead.
You slash the wolf! You burn the wolf. You slash the wolf! You burn the wolf.
You kill the wolf!
Trog accepts your kill. The wolf misses you. The wolf bites you.
* * * LOW HITPOINT WARNING * * *
You block the wolf's attack. The wolf bites you but does no damage.
Grum barely misses you.
Your Armour skill increases to level 4!
You slash the wolf! You burn the wolf.
You kill the wolf!
Trog accepts your kill.
You hit the wolf but do no damage. You block the wolf's attack.
The wolf bites you but does no damage.
Grum hits you from afar with a +1 halberd of protection!!
You die...

#.....#.............'....
#.....#.............#....
#.....#.............#....
#.....#.............#....
#.....#.............#....
###'###.......###'###....
#.....'.......#..........
#.....#.......#..........
#.....#.@.....#..........
#.....#h.†....#..........
#....##.g.....#'#####'###
######......###...##...##
#......#...........#
#......#...........#
#....<.#...........#
#......#...........#
#...........#


You could see Grum and a wolf.

Vanquished Creatures
  Harold (D:7)
  A two-headed ogre (D:8)
  Pikel (D:7)
  Maurice (D:8)
  Maggie (D:7)
  An efreet (D:8)
  Sigmund (D:5)
  A soldier ant (D:8)
  3 water moccasins
  An orc warrior (D:7)
  A black bear (D:8)
  2 ice beasts
  2 sky beasts (D:8)
  2 centaurs (D:8)
  2 ogres
  3 wolves (D:8)
  Blork the orc (D:6)
  4 bullfrogs
  A gnoll sergeant (D:7)
  3 scorpions
  3 howler monkeys (D:8)
  A bullfrog zombie (D:5)
  A hound (D:4)
  9 orc priests
  2 centaur skeletons
  7 orc wizards
  A gnoll shaman (D:4)
  A jelly (D:7)
  A bullfrog skeleton (D:8)
  Crazy Yiuf (D:3)
  Terence (D:3)
  3 iguanas
  12 worker ants
  Ijyb (D:5)
  2 hound zombies
  2 worker ant zombies
  10 gnolls
  5 adders
  2 shadow imps
  An adder skeleton (D:4)
  6 dart slugs
  5 leopard geckos
  30 orcs
  3 ball pythons
  5 giant cockroaches
  6 goblins
  8 hobgoblins
  12 jackals
  3 quokkas
  8 bats
  5 frilled lizards
  A jackal skeleton (D:4)
  A jackal zombie (D:6)
  9 kobolds
  3 leopard gecko skeletons
  A leopard gecko zombie (D:6)
  A quokka skeleton (D:4)
  4 rats
210 creatures vanquished.

Vanquished Creatures (collateral kills)
  An orc warrior (D:8)
  A dart slug (D:6)
  2 orcs
4 creatures vanquished.

Grand Total: 214 creatures vanquished

Notes
Turn   | Place    | Note
-------+----------+-------------------------------------------
     0 | D:1      | robertstho the Troll Berserker began the quest for the Orb.
     0 | D:1      | Reached XP level 1. HP: 22/22 MP: 0/0
   225 | D:1      | Reached XP level 2. HP: 29/29 MP: 1/1
   334 | D:1      | Reached ** piety under Trog
   506 | D:1      | Reached XP level 3. HP: 36/36 MP: 2/2
   787 | D:2      | Reached skill level 4 in Unarmed Combat
   820 | D:2      | Found a sparkling altar of Nemelex Xobeh.
   821 | D:2      | Found a radiant altar of Vehumet.
   821 | D:2      | Found a white marble altar of Elyvilon.
   822 | D:2      | Found an opulent altar of Gozag.
  1466 | D:3      | Reached XP level 4. HP: 43/44 MP: 3/3
  1513 | D:3      | Noticed Terence
  1522 | D:3      | Killed Terence
  1672 | D:3      | Reached *** piety under Trog
  1938 | D:3      | Found a runed translucent door.
  1939 | D:3      | Noticed Crazy Yiuf
  1993 | D:3      | Killed Crazy Yiuf
  1994 | D:3      | Reached skill level 5 in Unarmed Combat
  1994 | D:3      | Reached XP level 5. HP: 53/53 MP: 4/4
  2088 | D:4      | Reached skill level 1 in Armour
  2110 | D:4      | Gained mutation: You have very sharp teeth. [potion of
                  | mutation]
  2110 | D:4      | Gained mutation: Your muscles are strong. (Str +2) [potion
                  | of mutation]
  2110 | D:4      | Gained mutation: Your magical capacity is low. (-10% MP)
                  | [potion of mutation]
  2110 | D:4      | Gained mutation: Your movements are slightly less
                  | encumbered by armour. (ER -2) [potion of mutation]
  2117 | D:4      | Reached XP level 6. HP: 56/61 MP: 4/4
  2226 | D:4      | Reached skill level 6 in Unarmed Combat
  2522 | D:4      | Reached XP level 7. HP: 67/67 MP: 5/5
  2835 | D:5      | Entered Level 5 of the Dungeon
  2886 | D:5      | Found Itehejun's Magic Scroll Shoppe.
  2890 | D:5      | Bought a scroll of random uselessness for 12 gold pieces
  2890 | D:5      | Bought a scroll of identify for 24 gold pieces
  2890 | D:5      | Bought a scroll of teleportation for 36 gold pieces
  2890 | D:5      | Bought a scroll of enchant armour for 90 gold pieces
  2890 | D:5      | Bought a scroll of magic mapping for 42 gold pieces
  2950 | D:5      | Noticed Ijyb
  2971 | D:5      | Killed Ijyb
  2972 | D:5      | Reached skill level 7 in Unarmed Combat
  2991 | D:5      | Noticed Sigmund
  2995 | D:5      | Killed Sigmund
  2995 | D:5      | Reached **** piety under Trog
  3553 | D:5      | Bought a scroll of identify for 24 gold pieces
  3750 | D:6      | Upgraded the game from 0.26-a0-858-gbf766624f9 to
                  | 0.26-a0-863-g3bff4b215c
  3756 | D:6      | Reached XP level 8. HP: 67/78 MP: 6/6
  3902 | D:6      | Reached skill level 8 in Unarmed Combat
  4019 | D:6      | Noticed Blork the orc
  4057 | D:6      | Killed Blork the orc
  4279 | D:7      | Noticed Harold
  4297 | D:7      | Killed Harold
  4298 | D:7      | Reached skill level 9 in Unarmed Combat
  4298 | D:7      | Reached XP level 9. HP: 66/85 MP: 7/7
  4384 | D:7      | Reached skill level 10 in Unarmed Combat
  4560 | D:7      | Identified a scroll of acquirement
  4570 | D:7      | Acquired a +2 tower shield of positive energy
  4737 | D:7      | Noticed Pikel
  4747 | D:7      | Killed Pikel
  4782 | D:7      | Reached ***** piety under Trog
  4839 | D:7      | Noticed Maggie
  4852 | D:7      | Reached skill level 11 in Unarmed Combat
  4856 | D:7      | Killed Maggie
  5246 | D:7      | Found a staircase to the Ecumenical Temple.
  5300 | D:8      | Noticed Maurice
  5315 | D:8      | Killed Maurice
  5316 | D:8      | Reached skill level 5 in Fighting
  5316 | D:8      | Reached skill level 1 in Shields
  5326 | D:8      | Noticed a two-headed ogre
  5334 | D:8      | Killed a two-headed ogre
  5335 | D:8      | Reached XP level 10. HP: 72/96 MP: 8/8
  5544 | D:8      | Found a burning altar of Makhleb.
  5569 | D:8      | Reached skill level 1 in Stealth
  5623 | D:8      | Reached skill level 12 in Unarmed Combat
  5678 | D:8      | Identified the Grimoire of Dark Secrets and Attacks
  5800 | D:6      | Reached skill level 5 in Dodging
  5892 | D:5      | Bought a scroll of identify for 24 gold pieces
  5892 | D:5      | Bought a scroll of vulnerability for 90 gold pieces
  5892 | D:5      | Bought a scroll of identify for 24 gold pieces
  6238 | D:8      | Noticed Grum
  6251 | D:8      | Slain by Grum

Illustrated notes

Levels and vault maps discovered:
D:1:      elethiomel_arrival_shortcut, layout_loops_ring, grunt_decor_fettered
D:2:      layout_basic, chequers_temple_overflow_statue_of_worship,
          serial_aquarium, aquarium_bridge_straight [aquarium_subvault_bridge,
          aquarium_subvault_wall, aquarium_subvault_bridge,
          aquarium_subvault_window], aquarium_window_1, aquarium_window_2,
          aquarium_window_fake, aquarium_view_2b, aquarium_view_2e,
          grunt_ministairs_15
D:3:      layout_loops_ring, uniq_crazy_yiuf_cottage, uniq_terence
D:4:      layout_gridville, kennysheep_pointless_box
D:5:      layout_basic, serial_shops, shop, uniq_sigmund, uniq_ijyb
D:6:      kennysheep_slugbush, layout_basic, kennysheep_generic_room_10,
          uniq_menkaure, uniq_blork_the_orc
D:7:      layout_layer_cave, minmay_temple_entry_fiery, uniq_pikel, uniq_maggie,
          uniq_harold
D:8:      minmay_the_grid_triangle_9x9_rhombus_thin
          [minmay_the_grid_triangle_9x9_checkered,
          minmay_the_grid_triangle_9x9_prize_center,
          minmay_the_grid_triangle_9x9_shrine,
          minmay_the_grid_triangle_9x9_sprig], layout_gridville, uniq_erica,
          uniq_grum, uniq_maurice

Skill      XL: |  1  2  3  4  5  6  7  8  9 10 |
---------------+-------------------------------+-----
Unarmed Combat | 4 5 6 7 9 11 12 | 12.2
Fighting       | 3 4 5 |  5.8
Armour         | 1 2 3 4 |  4.1
Dodging        | 3 4 5 |  5.1
Shields        | 1 2 |  2.6
Stealth        | 1 |  1.1
Axes           | |  0.4

Action                   |  1- 3 |  4- 6 |  7- 9 | 10-12 || total
-------------------------+-------+-------+-------+-------++-------
Melee: Unarmed           |   102 |   128 |   221 |    89 ||   540
       Punch             |     2 |       |     7 |       ||     9
       Bite              |       |     8 |    25 |    17 ||    50
       Broad axe         |       |       |       |    42 ||    42
Invok: Berserk           |       |     1 |     3 |     2 ||     6
       Trog's Hand       |       |     1 |     1 |       ||     2
       Brothers in Arms  |       |       |     2 |     1 ||     3
  Use: Potion            |       |     3 |     2 |       ||     5
       Scroll            |       |       |    17 |     2 ||    19
Armor: Animal skin       |     4 |       |       |       ||     4
       Swamp dragon scal |    55 |   101 |    68 |    87 ||   311
Dodge: Dodged            |    38 |    94 |   104 |    51 ||   287
Block: Tower shield      |       |       |    49 |   150 ||   199

Table legend: (Time is in decaauts)
 A = Elapsed time spent in this place.
 B = Non-inter-level travel time spent in this place.
 C = Inter-level travel time spent in this place.
 D = Time resting spent in this place.
 E = Time spent auto-exploring this place.
 F = Levels seen in this place.
 G = Mean time per level.
                   A        B        C        D        E       F      G
               +--------+--------+--------+--------+--------+-----+--------+
         Total |   6280 |   5760 |    520 |      4 |   4239 |   8 |  785.0 |
       Dungeon |   6280 |   5760 |    520 |      4 |   4239 |   8 |  785.0 |
               +--------+--------+--------+--------+--------+-----+--------+

Top non-repeatable levels by time:
     D:7: 1139 daAuts
     D:5: 969 daAuts
     D:4: 774 daAuts
     D:8: 714 daAuts
     D:2: 703 daAuts
     D:3: 688 daAuts
     D:1: 657 daAuts
     D:6: 632 daAuts
